 Dungeon Crawl Stone Soup version 0.30-a0-953-g5f1da4a474 (webtiles) character file.

Game seed: 14746950892969022598

13996 a11behringer the Protected (level 11, -4/150 HPs)
             Began as an Armataur Berserker on Mar 29, 2023.
             Was an Elder of Trog.
             Slain by Snorg (15 damage)
             ... on level 11 of the Dungeon.
             The game lasted 00:31:53 (10965 turns).

a11behringer the Protected (Armataur Berserker)    Turns: 10965, Time: 00:31:54

Health: -4/150     AC: 14    Str: 27    XL:     11   Next: 82%
Magic:  0/11       EV: 10    Int:  8    God:    Trog [****..]
Gold:   732        SH:  0    Dex:  9    Spells: 10/10 levels left

rFire   . . .      SeeInvis +    H - +8 war axe "Amuumauq" {freeze, SInv}
rCold   + + .      Faith    .    y - orb of the Shining One's Envy {light, rC+}
rNeg    . . .      Spirit   +    l - +3 ring mail {rC+}
rPois   .          Reflect  .    E - +2 helmet
rElec   .          Roll     +    m - scarf {repulsion}
rCorr   .                        (no gloves)
Will    ++...                    (no barding) Stlth
                                 V - amulet of guardian spirit
HPRegen 1.45/turn                F - ring of flight
MPRegen 0.12/turn                (no ring)

@: berserking, strong-willed, flying, regenerating, glowing, repel missiles,
very quick
A: large, rugged brown scales 3, deformed body, armoured tail, roll, long
tongue, awkward tongue
a: Renounce Religion, Berserk, Trog's Hand, Brothers in Arms


You were on level 11 of the Dungeon.
You worshipped Trog.
Trog was greatly pleased with you.
You visited 2 branches of the dungeon, and saw 12 of its levels.
You also visited: Ossuary and Bailey.

You collected 732 gold pieces.

Inventory:

Hand Weapons
 a - a +0 mace
 f - a +2 dire flail of freezing
 j - a +0 flail
 H - the +8 war axe "Amuumauq" (weapon) {freeze, SInv}
   (You found it in a bailey)

   SInv:      It lets you see invisible.
 O - a +1 shortbow of freezing
 T - a +2 eveningstar
Missiles
 U - 5 silver javelins (quivered)
Armour
 b - a +0 animal skin
 l - a +3 ring mail of cold resistance (worn)
 m - a scarf of repulsion (worn)
 y - the orb of the Shining One's Envy (worn) {light, rC+}
   (You found it on level 5 of the Dungeon)

   rC:        It protects you from cold.
 E - a +2 helmet (worn)
 I - a +2 robe of the Archmagi
 J - a +2 pair of boots of flying
 S - a +0 troll leather armour
Jewellery
 n - a ring of fire
 r - an amulet of magic regeneration
 s - a ring of ice
 w - an amulet of the acrobat
 F - a ring of flight (left hand)
 M - a ring of ice
 V - an amulet of guardian spirit (around neck)
 X - a ring of see invisible
Wands
 d - a wand of paralysis (5)
 v - a wand of polymorph (9)
 z - a wand of flame (37)
 D - a wand of light (8)
 Q - a wand of mindburst (6)
Scrolls
 k - 7 scrolls of teleportation
 p - 3 scrolls of immolation
 C - a scroll of fear
 G - 5 scrolls of identify
 N - 4 scrolls of noise {unknown}
 P - 2 scrolls of enchant armour
 W - a scroll of enchant weapon {unknown}
Potions
 c - 4 potions of lignification
 e - 9 potions of curing
 g - 7 potions of flight
 h - 5 potions of heal wounds
 i - 7 potions of haste
 o - a potion of cancellation {unknown}
 q - a potion of might
 t - a potion of berserk rage {unknown}
 u - 2 potions of degeneration {unknown}
 x - 3 potions of resistance
 A - 3 potions of mutation {unknown}
 B - 3 potions of brilliance {unknown}
 K - a potion of invisibility {unknown}
 L - a potion of magic {unknown}
Miscellaneous
 R - a phial of floods


   Skills:
 + Level 8.1 Fighting
 * Level 6.1(8.0) Axes
 - Level 8.9(9.8) Maces & Flails
 + Level 10.2 Armour
 + Level 6.5 Dodging
 + Level 5.5 Evocations


You had 10 spell levels left.
You didn't know any spells.
Your spell library was empty.

Dungeon Overview and Level Annotations

Branches:
Dungeon (11/15)            Temple (1/1) D:5         Ossuary (visited)
 Bailey (visited)
   Lair: D:8-11         Orc: D:9-12

Altars:
Ashenzari
Cheibriados
Dithmenos
Elyvilon
Fedhas
Gozag
Hepliaklqana
Kikubaaqudgha
Makhleb
Nemelex Xobeh
Okawaru
Qazlal
Ru
Sif Muna
Trog
Uskayaw
Vehumet
Wu Jian
Xom
Yredelemnul
Zin
The Shining One

Shops:
D:2 (   D:7 :!   D:10 (

Annotations:
D:11 Snorg


Innate Abilities, Weirdness & Mutations

You are completely covered in rugged brown scales. (AC +3, +7% HP)
Armour fits poorly on your strangely shaped body.
You have a long armoured tail.
You roll when moving toward enemies. (Rampage)
Your long tongue fully drains potion bottles. (2x potion effects)
Your tongue gives you trouble enunciating. (1.5x scroll delay)


Message History

You tail-slap the yak, but do no damage.
The yak is almost dead.
You hit the yak. You freeze the yak. The yak gores you! The yak gores you.
You slash the yak! You freeze the yak.
You kill the yak!
Trog accepts your kill.
You hit the yak. You freeze the yak. You hit the yak. You freeze the yak.
The yak gores you but does no damage. The yak gores you.
You slash the yak! You freeze the yak!
The yak is severely wounded.
You hit the yak but do no damage. You barely miss the troll.
The troll closely misses you. The troll claws you but does no damage.
The troll barely misses you.
Snorg goes berserk!
The yak gores you but does no damage. The yak barely misses you.
You slash the yak! You freeze the yak.
You kill the yak!
Trog accepts your kill.
You hit the yak. You freeze the yak. You slash the yak! You freeze the yak.
You barely miss the troll. The troll bites you! The troll claws you!
The troll claws you but does no damage.
The yak gores you but does no damage. x2
Snorg completely misses you. Snorg claws you! Snorg closely misses you.
Your skin crawls.
You feel strong-willed. Trog will no longer gift you weapons.
Snorg bites you but does no damage. Snorg claws you but does no damage.
Snorg claws you! The troll bites you. The troll misses you.
The troll claws you. The yak gores you. The yak gores you but does no damage.
A red film seems to cover your vision as you go berserk!
You feel yourself moving faster!
You feel mighty! Snorg barely misses you. Snorg claws you!
* * * LOW HITPOINT WARNING * * *
Snorg claws you!
* * * LOW HITPOINT WARNING * * *
The troll bites you!
* * * LOW HITPOINT WARNING * * *
The troll claws you but does no damage. The troll claws you!
* * * LOW HITPOINT WARNING * * *
The yak barely misses you. The yak gores you but does no damage.
Snorg barely misses you. Snorg claws you but does no damage. Snorg claws you!
You die...

.............
............#
#...........#
#...........#
#...........###
#.....$Y.......
#....YTYY......
#.....T@.......
.......<.......
.....##........
.... ........#
... .........#
.. ..........#
. ...........#
########.....
.....


You could see Snorg (berserk), 4 yaks and a troll.

Vanquished Creatures
  Erolcha (D:9)
  Erica (D:10)
  5 two-headed ogres
  Urug (D:10)
  Nergalle (D:10)
  Maurice (D:8)
  A komodo dragon (D:10)
  2 trolls (D:10)
  A shadow (D:9)
  A wyvern (D:9)
  12 yaks
  Menkaure (D:5)
  4 vampire mosquitoes (D:10)
  Edmund (D:4)
  A water moccasin (D:5)
  Duvessa (D:5)
  3 ice beasts
  7 orc warriors (Bailey)
  2 hornet zombies (Ossuary)
  A black bear (D:4)
  A sky beast (D:7)
  3 ogres
  5 centaurs
  2 kobold brigands
  2 gnoll sergeants (D:9)
  A bullfrog (D:8)
  2 wyvern zombies (Ossuary)
  Blork the orc (D:5)
  2 scorpions (D:4)
  A water moccasin zombie (Ossuary)
  3 wights (D:6)
  Dowan (D:5)
  4 killer bees (D:8)
  6 howler monkeys
  8 bullfrog zombies (Ossuary)
  6 centaur zombies (Ossuary)
  7 hounds
  A sleepcap (D:4)
  11 mummies
  2 iguanas
  4 orc wizards
  A killer bee zombie (Ossuary)
  3 howler monkey zombies (Ossuary)
  16 gnolls
  13 adders
  A white imp (D:5)
  An ufetubus (D:6)
  A worm (D:4)
  A dart slug (D:1)
  19 orcs
  8 endoplasms
  6 giant cockroaches
  19 goblins
  9 hobgoblins
  10 jackals
  2 quokkas
  13 ball pythons
  6 bats
  29 kobolds
  11 rats
290 creatures vanquished.

Vanquished Creatures (collateral kills)
  A kobold brigand (D:10)
1 creature vanquished.

Vanquished Creatures (others)
  An orc (D:8)
  5 plants (D:10)
  6 withered plants (Ossuary)
12 creatures vanquished.

Grand Total: 303 creatures vanquished

Notes
Turn   | Place    | Note
-------+----------+-------------------------------------------
     0 | D:1      | a11behringer the Armataur Berserker began the quest for the
                  | Orb.
     0 | D:1      | Reached XP level 1. HP: 19/19 MP: 1/1
   150 | D:1      | Reached XP level 2. HP: 24/26 MP: 2/2
   512 | D:1      | Reached skill level 3 in Armour
   512 | D:1      | Reached XP level 3. HP: 7/33 MP: 3/3
   918 | D:2      | Reached ** piety under Trog
  1137 | D:2      | Reached XP level 4. HP: 40/40 MP: 4/4
  1225 | D:2      | Found Areqavos's Weapon Shoppe.
  1482 | D:3      | Found a shadowy altar of Dithmenos.
  2023 | D:3      | Found a shimmering blue altar of Sif Muna.
  2428 | D:4      | Reached XP level 5. HP: 46/48 MP: 5/5
  2445 | D:4      | Reached *** piety under Trog
  2447 | D:4      | Noticed an ogre
  2584 | D:4      | Noticed Edmund
  2599 | D:4      | Killed Edmund
  2600 | D:4      | Reached XP level 6. HP: 29/55 MP: 6/6
  2638 | D:4      | Reached skill level 4 in Armour
  2739 | D:4      | Reached skill level 5 in Maces & Flails
  2759 | D:4      | Reached XP level 7. HP: 21/63 MP: 7/7
  2761 | D:4      | Found a sand-covered staircase.
  2770 | Ossuary  | Entered an ossuary
  2888 | Ossuary  | Reached skill level 5 in Armour
  2938 | Ossuary  | Reached XP level 8. HP: 23/71 MP: 8/8
  3238 | Ossuary  | Reached skill level 5 in Fighting
  3257 | Ossuary  | Reached skill level 6 in Armour
  3495 | D:4      | Reached **** piety under Trog
  4391 | D:5      | Entered Level 5 of the Dungeon
  4391 | D:5      | Noticed Blork the orc
  4401 | D:5      | Reached XP level 9. HP: 55/79 MP: 9/9
  4403 | D:5      | Killed Blork the orc
  4529 | D:5      | Reached skill level 7 in Armour
  4953 | D:5      | Identified the orb of the Shining One's Envy {light, rC+}
  4966 | D:5      | Noticed Dowan
  4967 | D:5      | Noticed Duvessa
  4972 | D:5      | Killed Dowan
  4976 | D:5      | Killed Duvessa
  5174 | D:5      | Found a staircase to the Ecumenical Temple.
  5184 | Temple   | Entered the Ecumenical Temple
  5189 | D:5      | Noticed Menkaure
  5194 | D:5      | Killed Menkaure
  5833 | D:6      | Found a sparkling altar of Nemelex Xobeh.
  6471 | D:7      | Found a stormy altar of Qazlal.
  6519 | D:7      | Reached skill level 1 in Evocations
  6611 | D:7      | Found Raew's Book Boutique.
  6629 | D:7      | Found a flagged portal.
  6643 | D:7      | Reached ***** piety under Trog
  6657 | Bailey   | Entered a bailey
  6724 | Bailey   | Reached skill level 5 in Dodging
  6736 | Bailey   | Reached skill level 8 in Armour
  6772 | Bailey   | Reached XP level 10. HP: 57/89 MP: 10/10
  6828 | Bailey   | Identified the +8 war axe "Amuumauq" {freeze, SInv}
  7041 | D:7      | Found Xasokeh's Distillery.
  7129 | D:7      | Found a snail-covered altar of Cheibriados.
  7365 | D:7      | Found a sacrificial altar of Ru.
  7423 | D:7      | Found an iron altar of Okawaru.
  7512 | D:8      | Noticed a two-headed ogre
  7521 | D:8      | Killed a two-headed ogre
  7522 | D:8      | Reached skill level 1 in Axes
  7807 | D:8      | Found a transporter.
  7815 | D:8      | Found a transporter.
  8045 | D:8      | Found a transporter.
  8052 | D:8      | Found a transporter.
  8328 | D:8      | Found a transporter.
  8331 | D:8      | Found a transporter.
  8447 | D:8      | Noticed Maurice
  8458 | D:8      | Killed Maurice
  8825 | D:9      | Noticed a two-headed ogre
  8829 | D:9      | Killed a two-headed ogre
  9116 | D:9      | Noticed a two-headed ogre
  9127 | D:9      | Reached skill level 9 in Armour
  9132 | D:9      | Killed a two-headed ogre
  9133 | D:9      | Reached XP level 11. HP: 44/98 MP: 11/11
  9136 | D:9      | Found a hide-covered altar of Uskayaw.
  9143 | D:9      | Found a glowing golden altar of the Shining One.
  9348 | D:9      | Noticed a two-headed ogre
  9354 | D:9      | Killed a two-headed ogre
  9384 | D:9      | Noticed Erolcha
  9390 | D:9      | Killed Erolcha
  9728 | D:9      | Noticed a two-headed ogre
  9734 | D:9      | Killed a two-headed ogre
  9960 | D:10     | Entered Level 10 of the Dungeon
  9963 | D:10     | Noticed Erica
  9972 | D:10     | Killed Erica
  9973 | D:10     | Reached skill level 5 in Axes
  9995 | D:10     | Noticed Urug
 10010 | D:10     | Killed Urug
 10011 | D:10     | Reached skill level 5 in Evocations
 10193 | D:10     | Found Reqi's Antique Weapon Boutique.
 10280 | D:10     | Noticed Nergalle
 10292 | D:10     | Killed Nergalle
 10347 | D:10     | Found a blossoming altar of Fedhas.
 10397 | D:10     | Reached skill level 10 in Armour
 10813 | D:10     | Found an opulent altar of Gozag.
 10957 | D:11     | Noticed Snorg
 10965 | D:11     | Slain by Snorg

Illustrated notes

Levels and vault maps discovered:
D:1:      grunt_arrival_lava_bath, layout_basic
D:2:      layout_loops_ring, serial_shops, nicolae_square_shop
D:3:      layout_basic, nicolae_dithmenos_through_a_glass_darkly, led_sif_pool
D:4:      layout_layer_cave, enter_ossuary_1, portal_sewer_entry_b,
          grunt_tough_drop, uniq_edmund
D:5:      layout_layer_cave, temple_statues, nicolae_fountain_basement,
          uniq_duvessa, uniq_menkaure, uniq_blork_the_orc
D:6:      layout_cave_pools, nemelex_xobeh_ov_fountains_minmay
D:7:      layout_loops_ring, slow_altar_1, nicolae_overflow_crystal_walls,
          kennysheep_mini_moat, lemuel_round_altar, enter_bailey_5,
          serial_shops, nicolae_shop_crystal, nicolae_lakefront_shop
D:8:      layout_layer_cave, serial_nicolae_subway, nicolae_sub_station_metal,
          nicolae_sub_station_crystal, nicolae_sub_station_stone, uniq_maurice
D:9:      layout_roguey, mainiacjoe_overflow_catwalk_spiral, minmay_between,
          uniq_erolcha
D:10:     layout_stronghold, fedhas_ov_isle_minmay, grunt_gozag_breadcrumbs,
          serial_shops, shop, minmay_misc_feat_tiny, uniq_erica, uniq_urug,
          uniq_nergalle
D:11:     layout_stronghold, dpeg_oklobed_lair, orc_0_dummy, serial_rivers,
          chequers_serial_rivers_small_a, chequers_serial_rivers_micro_e,
          chequers_serial_rivers_micro_e, chequers_serial_rivers_micro_a,
          chequers_serial_rivers_large_a, chequers_serial_rivers_small_b,
          gammafunk_ghost_necromancy, grunt_decor_one_mirror, uniq_snorg,
          uniq_josephine, uniq_psyche
Temple:   minmay_freezing_vapour_temple

Skill      XL: |  1  2  3  4  5  6  7  8  9 10 11 |
---------------+----------------------------------+-----
Maces & Flails | 3 4 5 7 8 |  8.9
Fighting       | 3 4 5 6 7 8 |  8.1
Armour         | 3 4 5 6 8 9 10 | 10.2
Dodging        | 2 3 4 5 6 |  6.5
Evocations     | 1 4 5 |  5.5
Axes           | 4 6 |  6.1

Action                     |  1- 3 |  4- 6 |  7- 9 | 10-12 || total
---------------------------+-------+-------+-------+-------++-------
  Melee: Mace              |    65 |       |       |       ||    65
         Tailslap          |    12 |    13 |    59 |    31 ||   115
         Flail             |    50 |    97 |       |       ||   147
         Punch             |       |     1 |       |       ||     1
         Dire flail        |       |    43 |   393 |    21 ||   457
         War axe           |       |       |       |   166 ||   166
 Invoke: Trog's Hand       |       |     1 |     5 |     5 ||    11
         Berserk           |       |     1 |     2 |     3 ||     6
         Brothers in Arms  |       |       |       |     2 ||     2
    Use: Scroll            |       |     9 |     8 |       ||    17
         Potion            |       |       |     1 |       ||     1
   Stab: Sleeping          |       |     1 |       |       ||     1
 Armour: Animal skin       |    55 |    44 |       |       ||    99
         Ring mail         |       |    55 |   256 |   107 ||   418
         Skin              |       |       |       |     6 ||     6
  Dodge: Dodged            |    61 |    92 |   269 |   134 ||   556
         Repelled          |       |       |     2 |     1 ||     3

Table legend: (Time is in decaauts)
 A = Elapsed time spent in this place.
 B = Non-inter-level travel time spent in this place.
 C = Inter-level travel time spent in this place.
 D = Time resting spent in this place.
 E = Time spent auto-exploring this place.
 F = Levels seen in this place.
 G = Mean time per level.
                   A        B        C        D        E       F      G
               +--------+--------+--------+--------+--------+-----+--------+
         Total |  11052 |   9989 |   1063 |      0 |   8222 |  14 |  789.4 |
       Dungeon |  10022 |   8959 |   1063 |      0 |   7634 |  11 |  911.1 |
        Temple |      1 |      1 |      0 |      0 |      0 |   1 |    1.0 |
       Ossuary |    660 |    660 |      0 |      0 |    433 |   1 |  660.0 |
        Bailey |    368 |    368 |      0 |      0 |    155 |   1 |  368.0 |
               +--------+--------+--------+--------+--------+-----+--------+

Top non-repeatable levels by time:
     D:9: 1359 daAuts
     D:5: 1325 daAuts
     D:4: 1269 daAuts
     D:8: 1114 daAuts
     D:3: 1080 daAuts
    D:10: 1008 daAuts
     D:1: 878 daAuts
     D:7: 726 daAuts
 Ossuary: 660 daAuts
     D:2: 635 daAuts
     D:6: 615 daAuts
  Bailey: 368 daAuts
    D:11: 9 daAuts
  Temple: 1 daAuts
